AoeStats
← Darwinou777

MegaRandom

506935871Analyzed
1v1 RM · 17d ago on Sep 15, 2026· 70m 54s· 2 players
Game mode
Random Map
Map size
Tiny (2 player)
Population
200
Speed
Normal
Resources
Standard
Victory
Conquest
Starting age
Dark Age
Ending age
Imperial Age
RankedLock teamsTeams togetherTeam positionsShared explorationLock speedFull tech treeHidden civsTurbo modeCheats
Victory
Defeat
🇨🇱 Britons · Chile
611
+17
🇵🇹 Lithuanians · Portugal
638
-17
Darwinou777
11:20 Feudal Age
11:53 Double-Bit Axe
13:01 Wheelbarrow
12:35 Horse Collar
17:19 Stone Mining
18:00 Town Watch
21:28 Gold Mining
26:21 Castle Age
24:03 Man-at-Arms
24:37 Fletching
24:57 Forging
24:49 Scale Mail Armor
25:59 Padded Archer Armor
27:11 Fishing Lines
27:58 Bow Saw
29:09 Hand Cart
28:18 Long Swordsman
29:20 Gillnets
29:30 Arson
30:01 Heavy Plow
31:21 Town Patrol
31:38 Pikeman
33:22 Bodkin Arrow
36:59 Yeomen
37:34 Ballistics
38:10 Gold Shaft Mining
39:00 Leather Archer Armor
43:43 Imperial Age
41:40 Elite Skirmisher
42:25 Squires
42:11 Gambesons
42:24 Treadmill Crane
44:47 Conscription
44:09 Cavalier
46:25 Chemistry
46:05 Masonry
46:40 Bracer
47:11 Ring Archer Armor
47:52 Iron Casting
49:11 Heavy Scorpion
51:36 Scale Barding Armor
51:04 Elite Longbowman
51:43 Halberdier
53:25 Light Cavalry
55:55 Husbandry
56:58 Blast Furnace
56:14 Chain Mail Armor
58:06 Two-Handed Swordsman
59:58 Chain Barding Armor
60:02 Warwolf
69:17 Plate Mail Armor
69:22 Plate Barding Armor
mario_avgrs
8:22 Loom
13:39 Feudal Age
15:10 Horse Collar
21:08 Castle Age
22:41 Husbandry
23:08 Gold Mining
23:06 Double-Bit Axe
23:54 Stone Mining
24:56 Heavy Plow
27:18 Fletching
27:39 Forging
27:35 Scale Barding Armor
28:19 Bow Saw
27:44 Elite Skirmisher
29:07 Treadmill Crane
29:58 Bodkin Arrow
30:39 Iron Casting
30:25 Chain Barding Armor
31:44 Masonry
31:31 Murder Holes
34:55 Imperial Age
33:06 Wheelbarrow
32:17 Town Watch
33:56 Bloodlines
35:45 Hand Cart
37:31 Conscription
39:07 Town Patrol
39:13 Town Patrol
39:33 Tower Shields
39:34 Cavalier
41:32 Bracer
41:34 Padded Archer Armor
42:01 Ballistics
44:52 Stone Shaft Mining
45:54 Thumb Ring
47:56 Two-Man Saw
48:44 Chemistry
48:15 Architecture
47:38 Elite Leitis
51:05 Plate Barding Armor
50:46 Leather Archer Armor
50:39 Man-at-Arms
52:04 Pikeman
54:06 Halberdier
56:28 Squires
Connection lost

Rejoining the realm…

Still unreachable

The connection could not be restored.

Session expired

The server has moved on; the page needs a fresh start.